 Dungeon Crawl Stone Soup version 0.22-a0-48-g8770677 (webtiles) character file.

203 KristoblXynda the Slasher (level 5, -5/45 HPs)
             Began as a Naga Gladiator on Jan 7, 2018.
             Slain by a gnoll (6 damage)
             ... on level 3 of the Dungeon.
             The game lasted 00:02:38 (1567 turns).

KristoblXynda the Slasher (Naga Gladiator)          Turns: 1567, Time: 00:02:40

Health: -5/45      AC:  5    Str: 16    XL:     5   Next: 81%
Magic:  5/5        EV: 10    Int: 10    God:
Gold:   64         SH:  0    Dex: 12    Spells: 4/4 levels left

rFire    . . .     SeeInvis +   a - +1 long sword
rCold    . . .     Gourm    .   (no shield)
rNeg     . . .     Faith    .   l - +0 ring mail
rPois    +         Spirit   .   c - +0 helmet
rElec    .         Reflect  .   (no cloak)
rCorr    .         Harm     .   (no gloves)
MR       .....                  (no barding)
Stlth    ++........             (no amulet)
HPRegen  0.15/turn              (no ring)
MPRegen  0.09/turn              (no ring)

@: short of breath, very slow
A: large, see invisible, deformed body, poison resistance, slowness 2, slow
metabolism 1, spit poison 1, AC +1
a: Spit Poison


You were on level 3 of the Dungeon.
You were not hungry.

You visited 1 branch of the dungeon, and saw 3 of its levels.

You collected 64 gold pieces.

Inventory:

Hand Weapons
 a - a +1 long sword (weapon)
Missiles
 d - 3 throwing nets (quivered)
Armour
 c - a +0 helmet (worn)
 l - a +0 ring mail (worn)
Scrolls
 b - a scroll of magic mapping
 k - a scroll of fear
Potions
 e - 2 potions of flight
 h - a potion of magic {unknown}
 i - a potion of brilliance {unknown}
 j - 3 potions of haste {unknown}
 m - a potion of might {unknown}
 n - a potion of agility {unknown}
Comestibles
 f - 3 rations


   Skills:
 - Level 2.0 Fighting
 + Level 4.1 Long Blades
 - Level 2.2 Throwing
 + Level 1.6 Armour
 + Level 3.4 Dodging
 + Level 3.5 Stealth


You had 4 spell levels left.
You didn't know any spells.

Dungeon Overview and Level Annotations

Branches:
Dungeon (3/15)

Altars:
Ashenzari
Ru
Sif Muna


Innate Abilities, Weirdness & Mutations

You cannot wear boots.
Your serpentine skin is tough. (AC +1)
You have supernaturally acute eyesight. (SInv)
Armour fits poorly on your strangely shaped body.
Your system is resistant to poisons. (rPois)
You cover ground very slowly.
You have a slow metabolism.
You can spit poison.


Message History

* * * LOW HITPOINT WARNING * * *
Unknown command.
Press: ? - help, Shift-Dir - straight line, f - gnoll, p - gnoll
Aim: a gnoll, wielding a whip The splash of poison hits the gnoll.
The gnoll is poisoned.
The gnoll is heavily wounded.
You feel slightly more hungry. The gnoll hits you.
* * * LOW HITPOINT WARNING * * *
The gnoll hits you with a whip.
* * * LOW HITPOINT WARNING * * *
Unknown command.
You hit the gnoll.
You kill the gnoll!
The gnoll hits you.
* * * LOW HITPOINT WARNING * * *
Unknown command.
You closely miss the gnoll.
The gnoll is almost dead.
The gnoll hits you.
You die...

## ###.####..... .. #......)..#.#
####. #.#.####..... ....
#.#.####..#.# #.. #.#......(...
### #..#####.######.(#.# ..#
#....$...######..#.# #.#
#...g............#.# #.#
##)@############†#.# #.#
#........# ###.#.#
#.#######################.....#
###.......#.......#...(...###.###
)...#####.#.#####.#.#####.# #.#
##..#...#÷#.#...#.#.#...#.# #.#
#.)#.#...#.#.#...#.#.#...# #.#
#..#.#####.#.#####.#.#######.#
....#.......#.......#.......#.#


You could see a gnoll.

Vanquished Creatures
  The ghost of KristoblXynda the Slasher, an amateur NaGl (D:3)
  An orc priest (D:3)
  2 gnolls (D:3)
  An adder (D:3)
  3 oozes
  3 worms
  2 orcs (D:3)
  6 bats
  A giant cockroach (D:1)
  3 goblins
  4 hobgoblins
  2 kobolds (D:3)
  A quokka (D:2)
  2 frilled lizards
  8 rats
40 creatures vanquished.

Notes
Turn   | Place    | Note
-------+----------+-------------------------------------------
     0 | D:1      | KristoblXynda the Naga Gladiator began the quest for the Orb.
     0 | D:1      | Reached XP level 1. HP: 19/19 MP: 1/1
    32 | D:1      | Reached XP level 2. HP: 19/26 MP: 2/2
   700 | D:2      | Found a sacrificial altar of Ru.
   836 | D:2      | Reached XP level 3. HP: 29/32 MP: 3/3
   851 | D:2      | Found a faded altar of an unknown god.
   879 | D:2      | Found a shattered altar of Ashenzari.
   915 | D:2      | Found a deep blue altar of Sif Muna.
  1028 | D:2      | Reached skill level 1 in Stealth
  1169 | D:3      | Reached XP level 4. HP: 30/39 MP: 4/4
  1308 | D:3      | Noticed KristoblXynda's ghost (amateur NaGl)
  1319 | D:3      | Killed KristoblXynda's ghost
  1319 | D:3      | Reached skill level 4 in Long Blades
  1319 | D:3      | Reached skill level 1 in Armour
  1319 | D:3      | Reached XP level 5. HP: 45/45 MP: 5/5
  1566 | D:3      | HP: 1/45 [gnoll (2)]
  1567 | D:3      | Slain by a gnoll

Vault maps used:
D:1:      dpeg_arrival_tiny_d
D:2:      old_standard_altar, lemuel_doored_altar, marbit_many_paths,
          chequers_ecumenical_altar_simple
D:3:      nemelex_xobeh_ov_fountains_minmay, gammafunk_temple_overflow_statue,
          first_ration, patterned_corridor

Skill      XL: |  1  2  3  4 |
---------------+-------------+-----
Throwing       | 2 |  2.2
Stealth        | 1 3 |  3.5
Dodging        | 3 |  3.4
Long Blades    | 4 |  4.1
Armour         | 1 |  1.6
Fighting       | |  2.0

Action                   |  1- 3 |  4- 6 || total
-------------------------+-------+-------++-------
Melee: Long sword        |    60 |    43 ||   103
 Abil: Spit Poison       |     5 |     4 ||     9
  Use: Scroll            |     9 |       ||     9
       Potion            |       |     2 ||     2
 Stab: Sleeping          |       |     1 ||     1
  Eat: Chunk             |     1 |     1 ||     2
Armor: Leather armour    |    14 |       ||    14
       Ring mail         |    18 |    18 ||    36
Dodge: Dodged            |    42 |    36 ||    78
       Rpst.: Long sword |    21 |     6 ||    27

Table legend:
 A = Spawn XP
 B = Non-spawn XP
 C = Spawn XP percentage of total XP
 D = Spawn monster count
 E = Non-spawn monster count
 F = Spawn count percentage of total count
 G = Total turns spent on level
                    A         B        C        D         E        F      G
               +---------+---------+-------+---------+---------+-------+---------
         Total |       0 |     291 |   0.0 |       0 |      40 |   0.0 |  1567
               +---------+---------+-------+---------+---------+-------+---------
           D:1 |       0 |      28 |   0.0 |       0 |      12 |   0.0 |   648
           D:2 |       0 |      20 |   0.0 |       0 |      12 |   0.0 |   502
           D:3 |       0 |     243 |   0.0 |       0 |      16 |   0.0 |   417
               +---------+---------+-------+---------+---------+-------+---------
